 Dungeon Crawl Stone Soup version 0.24-a0-335-g06ca16a (webtiles) character file.

Game seed: 15651505186318403967

192 Borgoz the Chopper (level 5, -2/32 HPs)
             Began as a Gargoyle Gladiator on May 19, 2019.
             Slain by an ogre
             ... wielding a +0 giant club
              (21 damage)
             ... on level 6 of the Dungeon.
             The game lasted 00:03:08 (2307 turns).

Borgoz the Chopper (Gargoyle Gladiator)             Turns: 2307, Time: 00:03:08

Health: -2/32      AC: 16    Str: 18    XL:     5   Next: 71%
Magic:  5/5        EV:  8    Int:  8    God:
Gold:   82         SH:  0    Dex: 12    Spells: 4/4 levels left

rFire    + . .     SeeInvis .   a - +0 war axe
rCold    . . .     Gourm    .   (no shield)
rNeg     + . .     Faith    .   r - +3 chain mail {MR+}
rPois    ∞         Spirit   .   h - +1 hat
rElec    +         Reflect  .   (no cloak)
rCorr    .         Harm     .   (no gloves)
MR       +....                  (no boots)
Stlth    ..........             (no amulet)
HPRegen  0.10/turn              g - ring of protection from fire
MPRegen  0.09/turn              (no ring)

@: flying
A: negative energy resistance 1, electricity resistance, unbreathing,
petrification resistance, rot immunity, AC +4
a: no special abilities


You were on level 6 of the Dungeon.
You were not hungry.

You visited 1 branch of the dungeon, and saw 4 of its levels.

You collected 82 gold pieces.

Inventory:

Hand Weapons
 a - a +0 war axe (weapon)
Missiles
 d - 2 throwing nets (quivered)
Armour
 h - a +1 hat (worn)
 r - a +3 chain mail of magic resistance (worn)
Jewellery
 g - a ring of protection from fire (left hand)
Scrolls
 e - a scroll of enchant armour {unknown}
 i - 2 scrolls of teleportation
 j - a scroll of fog {unknown}
 k - a scroll of remove curse
 o - a scroll of identify {unknown}
Potions
 b - a potion of lignification {unknown}
 c - a potion of mutation {unknown}
 l - a potion of brilliance {unknown}
 m - a potion of might {unknown}
 q - 3 potions of degeneration {unknown}
Comestibles
 f - 4 rations


   Skills:
 + Level 3.2 Fighting
 * Level 3.9 Axes
 - Level 1.7 Throwing
 + Level 2.1 Armour
 * Level 3.5 Dodging


You had 4 spell levels left.
You didn't know any spells.
Your spell library was empty.

Dungeon Overview and Level Annotations

Branches:
Dungeon (3/15)

Altars:


Innate Abilities, Weirdness & Mutations

You are resistant to torment.
Your stone body is resilient. (AC +4)
You are immune to poison.
You resist negative energy. (rN+)
You are resistant to electric shocks. (rElec)
You can survive without breathing.
You are immune to petrification.
You are immune to rotting.


Message History

It was a potion of flight.
You feel very buoyant.
You fly up into the air.
The ogre hits you with a +0 giant club.
Throwing (i - inventory)
d - 3 throwing nets (quivered)
Press: ? - help, Shift-Dir - straight line, f - ogre
Aim: an ogre, wielding a +0 giant club You throw a throwing net.
The throwing net hits the ogre.
The ogre is caught in the net!
The ogre struggles against the net.
You slash the ogre!
The ogre is moderately wounded.
The ogre struggles against the net.
You slash the ogre!
The ogre is heavily wounded.
The ogre struggles against the net. x2
The net rips apart, and the ogre comes free!
You hit the ogre but do no damage.
The ogre is heavily wounded.
The ogre hits you with a +0 giant club!!
Ouch! That really hurt!
You die...

#......###### ...#
#...........### ...#
#.............## ...#
##.............###...#
#..............#....#
##.............#....#
#..................#
##............OO...#
#...........@#)..##
##..........##O..#
##........###...####
#......####.......##
##....## #.........
..# ##......... #
#..........
##.......... .#
##...........


You could see 2 ogres.

Vanquished Creatures
  Terence (D:3)
  3 gnolls (D:6)
  5 adders
  An ooze (D:2)
  4 worms
  3 dart slugs
  4 leopard geckos (D:3)
  2 giant cockroaches
  9 goblins
  14 hobgoblins
  3 jackals (D:1)
  2 quokkas (D:2)
  3 bats
  4 frilled lizards
  5 kobolds
  A leopard gecko zombie (D:2)
  7 rats
71 creatures vanquished.

Notes
Turn   | Place    | Note
-------+----------+-------------------------------------------
     0 | D:1      | Borgoz the Gargoyle Gladiator began the quest for the Orb.
     0 | D:1      | Reached XP level 1. HP: 12/12 MP: 1/1
   257 | D:1      | Reached XP level 2. HP: 18/18 MP: 2/2
   416 | D:1      | Reached XP level 3. HP: 16/22 MP: 3/3
   648 | D:1      | Reached skill level 1 in Armour
   791 | D:2      | Reached XP level 4. HP: 21/27 MP: 4/4
  1725 | D:3      | Noticed Terence
  1741 | D:3      | Killed Terence
  1741 | D:3      | Reached XP level 5. HP: 29/32 MP: 5/5
  2062 | D:3      | You fall through a shaft for 3 floors!
  2281 | D:6      | Noticed an ogre
  2282 | D:6      | Noticed an ogre
  2307 | D:6      | Slain by an ogre

Levels and vault maps discovered:
D:1:      scummos_arrival_checkerplants, layout_rooms
D:2:      layout_loops_corners, first_ration
D:3:      layout_loops_cross, uniq_terence
D:6:      layout_cave_pods, kennysheep_mini, nicolae_good_shop,
          uniq_blork_the_orc

Skill      XL: |  1  2  3  4  5 |
---------------+----------------+-----
Axes           | 3 |  3.9
Armour         | 1 2 |  2.1
Dodging        | 3 |  3.5
Fighting       | 3 |  3.2
Throwing       | |  1.7

Action                   |  1- 3 |  4- 6 || total
-------------------------+-------+-------++-------
Melee: War axe           |    88 |   168 ||   256
Throw: Throwing net      |       |     1 ||     1
  Use: Scroll            |       |     2 ||     2
       Potion            |       |     1 ||     1
  Eat: Chunk             |       |     5 ||     5
Armor: Leather armour    |    33 |    34 ||    67
       Chain mail        |       |    67 ||    67
Dodge: Dodged            |    65 |   106 ||   171

Table legend:
 A = Non-vault XP
 B = Vault XP
 C = Vault XP percentage of total XP
 D = Non-vault monster count
 E = Vault monster count
 F = Vault count percentage of total count
                 A         B        C        D         E       F
            +---------+---------+-------+---------+---------+-------
      Total |     243 |      32 |  11.6 |      70 |       1 |   1.4
            +---------+---------+-------+---------+---------+-------
        D:1 |      44 |       0 |   0.0 |      24 |       0 |   0.0
        D:2 |     102 |       0 |   0.0 |      25 |       0 |   0.0
        D:3 |      55 |      32 |  36.8 |      18 |       1 |   5.3
        D:6 |      42 |       0 |   0.0 |       3 |       0 |   0.0
            +---------+---------+-------+---------+---------+-------
